 Dungeon Crawl Stone Soup version 0.26-a0-682-g294304f6e8 (webtiles) character file.

Game seed: 279131886688667897

5028 tbh1313 the Cleaver (level 10, 0/84 HPs)
             Began as a Deep Dwarf Fighter on Oct 19, 2020.
             Was a Believer of Makhleb.
             Killed from afar by an orc wizard (6 damage)
             ... with a magic dart
             ... on level 8 of the Dungeon on Oct 20, 2020.
             The game lasted 00:27:27 (6805 turns).

tbh1313 the Cleaver (Deep Dwarf Fighter)            Turns: 6805, Time: 00:27:28

Health: 0/84       AC: 21    Str: 22    XL:     10   Next: 30%
Magic:  11/11      EV: 10    Int: 10    God:    Makhleb [**....]
Gold:   250        SH: 10    Dex: 12    Spells: 12/13 levels left

rFire    . . .     SeeInvis +   b - +9 staff of Olgreb {rPois∞}
rCold    . . .     Faith    .   x - +0 buckler
rNeg     . . .     Spirit   .   f - +2 ring mail {MR+}
rPois    ∞         Reflect  +   k - +2 helmet
rElec    .         Harm     .   e - +2 cloak
rCorr    .         Rampage  .   h - +2 pair of gloves
MR       ++...                  D - +2 pair of boots
Stlth    +.........             y - amulet of reflection
HPRegen  0.00/turn              i - ring of see invisible
MPRegen  0.12/turn              B - ring of wizardry

@: lethally poisoned (0 -> 0), non-regenerating, studying Crossbows
A: damage resistance, heal wounds, sense surroundings 2, no regeneration
a: Heal Wounds, Minor Destruction, Renounce Religion


You were on level 8 of the Dungeon.
You worshipped Makhleb.
Makhleb was pleased with you.
You visited 2 branches of the dungeon, and saw 9 of its levels.
You also visited: Sewer.

You collected 550 gold pieces.
You spent 300 gold pieces at shops.

Inventory:

Hand Weapons
 a - a +1 hand axe
 b - the +9 staff of Olgreb (weapon) {rPois∞}
   (You found it on level 6 of the Dungeon)

   It grants immunity to poison.
 d - a +0 war axe
Armour
 c - a +0 kite shield
 e - a +2 cloak (worn)
 f - a +2 ring mail of magic resistance (worn)
 h - a +2 pair of gloves (worn)
 k - a +2 helmet (worn)
 l - the +1 robe of Eternal Vigilance {MR+, unknown}
   (You found it on level 5 of the Dungeon)

   It affects your resistance to hostile enchantments.
 t - a +0 scale mail of positive energy
 x - a +0 buckler (worn)
 D - a +2 pair of boots (worn)
Jewellery
 i - a ring of see invisible (left hand)
 y - an amulet of reflection (around neck)
 B - a ring of wizardry (right hand)
 E - an uncursed amulet of the acrobat
Wands
 q - a wand of digging (3)
 G - a wand of iceblast (5)
 J - a wand of random effects (11)
 L - a wand of disintegration (13)
Scrolls
 n - 6 scrolls of remove curse
 o - 4 scrolls of fear
 s - 4 scrolls of teleportation
 z - a scroll of enchant weapon
Potions
 g - 8 potions of flight
 j - 4 potions of curing
 m - a potion of heal wounds {unknown}
 p - 4 potions of haste
 r - a potion of mutation {unknown}
 u - a potion of ambrosia {unknown}
 v - a potion of resistance
 A - a potion of brilliance
 F - a potion of berserk rage {unknown}
 H - a potion of invisibility {unknown}
 I - a potion of lignification
 K - a potion of stabbing
Books
 C - a manual of Crossbows


   Skills:
 - Level 3.3 Fighting
 * Level 12.5 Axes
 - Level 5.0 Armour
 - Level 7.0 Shields
 + Level 2.1 Spellcasting
 + Level 2.4 Transmutations
 + Level 2.2 Poison Magic
 - Level 6.0 Invocations


You had 12 spell levels left.
You knew the following spells:

 Your Spells              Type           Power        Failure   Level
a - Sting                 Tmut/Pois      #...         8%          1

Your spell library contained the following spells:

 Spells                   Type           Power        Failure   Level
 Magic Dart               Conj           #...         19%         1
 Poisonous Vapours        Pois/Air       #.....       19%         2
 Searing Ray              Conj           #.....       28%         2
 Ignite Poison            Fire/Tmut/Pois #.......     28%         3
 Mephitic Cloud           Conj/Pois/Air  #.......     38%         3
 Dazzling Flash           Conj/Hex       #.....       47%         3
 Olgreb's Toxic Radiance  Pois           #.......     58%         4
 Fulminant Prism          Conj/Hex       #.........   86%         4
 Iskenderun's Mystic Bla  Conj/Tloc      #.......     86%         4


Dungeon Overview and Level Annotations

Branches:
Dungeon (8/15)             Temple (1/1) D:5            Lair (0/6) D:8
  Sewer (visited)

Altars:
Ashenzari
Cheibriados
Hepliaklqana
Makhleb
Nemelex Xobeh
Okawaru
Sif Muna
Xom

Shops:
D:5 }   D:7 (*

Annotations:
D:6 1 runed translucent door


Innate Abilities, Weirdness & Mutations

You are resistant to damage.
You can heal yourself by infusing magical energy.
You passively map the area around you.
You do not regenerate.


Message History

You are poisoned.
The green ugly thing poisons you!
Okay, then.
You smell chlorine.
b - the +9 staff of Olgreb (weapon)
{rPois∞}
As you read the scroll of teleportation, it crumbles to dust.
You feel strangely unstable.
You block the green ugly thing's attack.
Your surroundings suddenly seem different.
The orc wizard casts a cantrip, but nothing happens.
The death yak bellows! x4
The orc wizard casts a spell at you. The magic dart hits you.
* * * LOW HITPOINT WARNING * * *
Press: ? - help, Dir - move target cursor
As you read the scroll of blinking, it crumbles to dust.
The orc wizard shouts!
The orc wizard gestures at you while chanting.
The magic dart hits you!
You die...

#......###(.#.### ,#.#
##..#.......#.. *.#.#
#..#.####.#...######.#.#
* ###...# #>............
, #...# #.. ......#.#, 8
#...# ##........#..# , ,
##.####....#.......# *
,, #.#......)........# ,
#.#.#*#....@...o...
#.#.# #.....o......,
#.#.# #....##.o.... ,,
#.#.# #.... ...... ,
#.#.###.#.. ,......,
#.#..§..##.........
#.#.Y.........,#...
#.#.##.####..# ... *+
###.#Y##.# ,, . , * ,,*


You could see a death yak, 2 orc wizards and an orc.

Levels and vault maps discovered:
D:1:      elethiomel_arrival_fortress_basement, layout_loops_corners,
          minivault_5, minmay_split_cup_small
D:2:      layout_loops_cross, lemuel_statue_altar, uniq_robin, uniq_natasha
D:3:      layout_basic, minivault_26, small_statue_intersection
D:4:      layout_cave_pools, portal_sewer_entry_f, corner_web_ring,
          uniq_crazy_yiuf_cottage, uniq_eustachio
D:5:      layout_loops_cross, chequers_temple_overflow_statue_of_worship,
          grunt_temple_overflow_open, minmay_temple_entry_antechambers,
          serial_shops, nicolae_shop_statue_plus, minmay_manual_mares
D:6:      layout_loops_ring, lemuel_crystal_altar,
          minmay_guarded_unrand_staff_of_olgreb
D:7:      layout_basic, serial_shops, shop, shop, uniq_menkaure
D:8:      kennysheep_windowed_halls, layout_basic, dpeg_lair_monsters,
          serial_shops, kennysheep_mini_moat, kb_rosetta, uniq_maggie
Temple:   regret_index_temple_waves

Notes
Turn   | Place    | Note
-------+----------+-------------------------------------------
     0 | D:1      | tbh1313 the Deep Dwarf Fighter began the quest for the Orb.
     0 | D:1      | Reached XP level 1. HP: 20/20 MP: 1/1
   133 | D:1      | Reached XP level 2. HP: 24/27 MP: 2/2
   147 | D:1      | Upgraded the game from 0.26-a0-672-g1df16c3386 to
                  | 0.26-a0-682-g294304f6e8
   262 | D:1      | Reached XP level 3. HP: 33/33 MP: 3/3
   304 | D:1      | Reached skill level 3 in Axes
  1066 | D:2      | Noticed Robin
  1088 | D:2      | Reached XP level 4. HP: 21/42 MP: 4/4
  1091 | D:2      | Killed Robin
  1157 | D:2      | Noticed Natasha
  1167 | D:2      | Killed Natasha
  1457 | D:2      | Reached XP level 5. HP: 43/49 MP: 4/4
  1670 | D:2      | Noticed Natasha
  1691 | D:2      | Killed Natasha
  1691 | D:2      | Reached skill level 4 in Axes
  1706 | D:2      | Noticed Natasha
  1715 | D:2      | Killed Natasha
  1923 | D:3      | Reached skill level 5 in Axes
  2861 | D:4      | Found a glowing drain.
  2887 | Sewer    | Entered a sewer
  2896 | Sewer    | Reached XP level 6. HP: 50/56 MP: 4/4
  3540 | D:4      | Noticed Eustachio
  3553 | D:4      | Reached skill level 6 in Axes
  3568 | D:4      | Killed Eustachio
  3568 | D:4      | Reached skill level 5 in Shields
  3568 | D:4      | Reached XP level 7. HP: 52/62 MP: 5/5
  3574 | D:4      | Reached skill level 7 in Axes
  3949 | D:4      | Found a runed translucent door.
  3950 | D:4      | Noticed Crazy Yiuf
  3963 | D:4      | Killed Crazy Yiuf
  3963 | D:4      | Reached skill level 5 in Armour
  4092 | D:5      | Entered Level 5 of the Dungeon
  4203 | D:5      | Reached skill level 8 in Axes
  4203 | D:5      | Reached XP level 8. HP: 59/69 MP: 6/6
  4253 | D:5      | Found Ecuox's Gadget Boutique.
  4286 | D:5      | Found a snail-covered altar of Cheibriados.
  4313 | D:5      | Found a broken altar of Ashenzari.
  4386 | D:5      | Found a staircase to the Ecumenical Temple.
  4400 | D:5      | Got an ominously black robe
  4404 | Temple   | Entered the Ecumenical Temple
  4423 | Temple   | Became a worshipper of Makhleb the Destroyer
  4538 | D:5      | Reached skill level 9 in Axes
  4646 | D:5      | Found an iron altar of Okawaru.
  4651 | D:5      | Found a shimmering altar of Xom.
  4963 | D:6      | Reached skill level 1 in Invocations
  5186 | D:6      | Found a sparkling altar of Nemelex Xobeh.
  5269 | D:6      | Found a runed translucent gate.
  5271 | D:6      | Found the +9 staff of Olgreb {rPois∞}
  5274 | D:6      | Found a runed translucent door.
  5286 | D:6      | Found a runed translucent door.
  5288 | D:6      | Found a runed translucent gate.
  5296 | D:6      | Found a runed translucent gate.
  5316 | D:6      | Reached skill level 10 in Axes
  5318 | D:6      | Gained mutation: You passively map the area around you.
                  | [Deep Dwarf growth]
  5318 | D:6      | Reached XP level 9. HP: 40/76 MP: 7/9
  5343 | D:6      | Reached skill level 11 in Axes
  5343 | D:6      | Reached skill level 5 in Invocations
  5354 | D:6      | Reached * piety under Makhleb
  5864 | D:7      | Learned a level 1 spell: Sting
  5999 | D:7      | Reached skill level 12 in Axes
  5999 | D:7      | Reached skill level 1 in Transmutations
  6012 | D:7      | Reached skill level 1 in Spellcasting
  6012 | D:7      | Reached skill level 1 in Poison Magic
  6096 | D:7      | Found Utiluf's General Store.
  6100 | D:7      | Bought a scroll of teleportation for 45 gold pieces
  6100 | D:7      | Bought a scroll of identify for 30 gold pieces
  6100 | D:7      | Bought a scroll of remove curse for 45 gold pieces
  6100 | D:7      | Bought a scroll of remove curse for 45 gold pieces
  6100 | D:7      | Bought 2 potions of curing for 90 gold pieces
  6100 | D:7      | Bought a potion of lignification for 45 gold pieces
  6109 | D:7      | Reached ** piety under Makhleb
  6109 | D:7      | Reached XP level 10. HP: 80/84 MP: 12/12
  6228 | D:7      | Found Cintea's Antique Weapon Emporium.
  6412 | D:7      | Noticed Menkaure
  6421 | D:7      | Killed Menkaure
  6757 | D:8      | Noticed a death yak
  6758 | D:8      | Found a staircase to the Lair.
  6759 | D:8      | Noticed a death yak
  6759 | D:8      | Noticed a death yak
  6762 | D:8      | Noticed a death yak
  6764 | D:8      | Noticed a death yak
  6778 | D:8      | Killed a death yak
  6796 | D:8      | Noticed a green ugly thing
  6804 | D:8      | HP: 6/84 [orc wizard/magic dart (4)]
  6805 | D:8      | Killed from afar by an orc wizard

Table legend: (Time is in decaauts)
 A = Elapsed time spent in this place.
 B = Non-inter-level travel time spent in this place.
 C = Inter-level travel time spent in this place.
 D = Time resting spent in this place.
 E = Time spent auto-exploring this place.
 F = Levels seen in this place.
 G = Mean time per level.
                   A        B        C        D        E       F      G
               +--------+--------+--------+--------+--------+-----+--------+
         Total |   6864 |   6459 |    405 |    278 |   4230 |  10 |  686.4 |
       Dungeon |   6197 |   5798 |    399 |    278 |   3942 |   8 |  774.6 |
        Temple |     26 |     20 |      6 |      0 |     11 |   1 |   26.0 |
         Sewer |    640 |    640 |      0 |      0 |    277 |   1 |  640.0 |
               +--------+--------+--------+--------+--------+-----+--------+

Top non-repeatable levels by time:
     D:1: 1075 daAuts
     D:3: 994 daAuts
     D:6: 874 daAuts
     D:2: 805 daAuts
     D:5: 804 daAuts
     D:4: 760 daAuts
     D:7: 750 daAuts
   Sewer: 640 daAuts
     D:8: 130 daAuts
  Temple: 26 daAuts

Table legend:
 A = Kills in this place as a percentage of kills in entire the game.
 B = Kills by you in this place as a percentage of kills by you in the entire game.
 C = Kills by friends in this place as a percentage of kills by friends in the entire game.
 D = Other kills in this place as a percentage of other kills in the entire game.
 E = Experience gained in this place as a percentage of experience gained in the entire game.
 F = Experience gained in this place divided by the number of levels of this place that you have seen.
                   A       B       C       D       E      F
               +-------+-------+-------+-------+-------+----------------------
         Total | 100.0 | 100.0 |   N/A |   N/A | 100.0 | 718.3
       Dungeon |  87.5 |  87.5 |   N/A |   N/A |  98.9 | 888.2
         Sewer |  12.5 |  12.5 |   N/A |   N/A |   1.1 |  77.0
               +-------+-------+-------+-------+-------+----------------------

Action                   |  1- 3 |  4- 6 |  7- 9 | 10-12 || total
-------------------------+-------+-------+-------+-------++-------
Melee: War axe           |   110 |    61 |       |       ||   171
       Hand axe          |       |   214 |   530 |    79 ||   823
 Cast: Sting             |       |       |       |     1 ||     1
Invok: Minor Destruction |       |       |       |     2 ||     2
 Abil: Heal Wounds       |     1 |     4 |     8 |     3 ||    16
Evoke: Wand              |       |     4 |     6 |       ||    10
  Use: Scroll            |     3 |    10 |     6 |     9 ||    28
       Potion            |       |     2 |     3 |       ||     5
Armor: Scale mail        |    67 |       |       |       ||    67
       Ring mail         |    33 |   173 |   167 |    24 ||   397
Dodge: Dodged            |    70 |   172 |   176 |    18 ||   436
Block: Kite shield       |     1 |       |       |       ||     1
       Buckler           |       |    43 |   224 |    37 ||   304
       Reflection        |       |       |     2 |       ||     2

Vanquished Creatures
  A death yak (D:8)
  Eustachio (D:4)
  A steam dragon (D:7)
  7 soldier ants (D:6)
  Menkaure (D:7)
  4 water moccasins
  A black bear (D:7)
  2 phantoms
  2 sky beasts (D:5)
  3 ogres
  2 centaurs (D:5)
  3 bullfrogs
  A scorpion (D:5)
  13 killer bees
  6 howler monkeys
  A bullfrog zombie (D:7)
  6 hounds
  An orc wizard (D:5)
  Crazy Yiuf (D:4)
  Natasha (thrice) (D:2)
  2 iguanas (D:7)
  6 worker ants
  2 hound zombies
  2 worker ant zombies
  Robin (D:2)
  7 gnolls
  13 adders
  A shadow imp (D:7)
  A white imp (D:5)
  7 oozes
  2 adder skeletons (D:6)
  6 worms
  2 dart slugs
  9 leopard geckos
  4 orcs
  6 giant cockroaches
  15 goblins
  14 hobgoblins
  4 jackals (Sewer)
  4 kobolds (D:1)
  3 quokkas
  5 ball pythons
  14 bats
  5 frilled lizards
  5 rats (D:1)
200 creatures vanquished.
